 Dungeon Crawl Stone Soup version 0.27.0-1-g7a089689b8 (webtiles) character file.

Game seed: 1856832533082894874

20 ZARRMARR the Digger (level 2, 0/20 HPs)
             Began as a Draconian Earth Elementalist on Aug 3, 2021.
             Slain by a kobold (5 damage)
             ... on level 1 of the Dungeon.
             The game lasted 00:03:03 (756 turns).

ZARRMARR the Digger (Draconian Earth Elementalist)   Turns: 756, Time: 00:03:03

Health: 0/20       AC:  4    Str: 10    XL:     2   Next: 58%
Magic:  5/5        EV: 12    Int: 15    God:
Gold:   36         SH:  0    Dex: 11    Spells: 4/5 levels left

rFire    . . .     SeeInvis .   a - +0 dagger
rCold    . . .     Faith    .   (no shield)
rNeg     . . .     Spirit   .   (armour unavailable)
rPois    .         Reflect  .   (helmet restricted)
rElec    .         Harm     .   (no cloak)
rCorr    .         Rampage  .   (no gloves)
Will     .....                  (no boots)
Stlth    ++........             (no amulet)
HPRegen  0.06/turn              (no ring)
MPRegen  0.09/turn              (no ring)

@: no status effects
A: AC +4, unfitting armour, cold-blooded
a: no special abilities


You were on level 1 of the Dungeon.
You visited 1 branch of the dungeon, and saw 1 of its levels.

You collected 36 gold pieces.

Inventory:

Hand Weapons
 a - a +0 dagger (weapon)
Missiles
 b - 12 stones
 e - 9 poisoned darts (quivered)
Scrolls
 d - 2 scrolls of amnesia


   Skills:
 + Level 0.2 Short Blades
 + Level 2.1 Dodging
 + Level 1.8 Stealth
 + Level 0.2 Unarmed Combat
 + Level 2.0 Spellcasting
 + Level 1.0 Transmutations
 * Level 3.5 Earth Magic


You had 4 spell levels left.
You knew the following spells:

 Your Spells              Type           Power      Damage    Failure   Level
a - Sandblast             Erth           24%        2d8       4%          1

Your spell library contained the following spells:

 Spells                   Type           Power      Damage    Failure   Level
 Passwall                 Tmut/Erth      6%         N/A       13%         2
 Slow                     Hex            1%         N/A       32%         2
 Stone Arrow              Conj/Erth      12%        3d7       32%         3
 Confusing Touch          Hex            1%         N/A       54%         3
 Vampiric Draining        Necr           0%         2d6       54%         3
 Petrify                  Tmut/Erth      8%         N/A       65%         4


Dungeon Overview and Level Annotations

Branches:
Dungeon (1/15)

Altars:


Innate Abilities, Weirdness & Mutations

Your plain brown scales are hard. (AC +4)
You cannot fit into any form of body armour.
You are cold-blooded and may be slowed by cold attacks.


Message History

* * * LOW HITPOINT WARNING * * *
The jackal barely misses you.
The jackal bites you but does no damage.
The jackal bites you but does no damage.
The jackal misses you.
The jackal barks!
The jackal bites you.
* * * LOW HITPOINT WARNING * * *
The jackal closely misses you. The jackal misses you. The jackal misses you.
You barely miss the jackal. You tail-slap the jackal.
The jackal is moderately wounded.
The jackal barely misses you.
As you read the scroll labelled LAMIAM LO BOI, it crumbles to dust.
It is a scroll of amnesia.
Okay, then.
The jackal bites you but does no damage.
As you read the scroll labelled JIOPNYU REQOU, it crumbles to dust.
You feel strangely unstable.
It was a scroll of teleportation.
The jackal bites you but does no damage.
The jackal closely misses you.
You hit the jackal.
The jackal is moderately wounded.
The jackal closely misses you.
You hit the jackal but do no damage.
The jackal is moderately wounded.
The jackal barely misses you. The jackal closely misses you.
You hit the jackal but do no damage.
The jackal is moderately wounded.
The jackal misses you.
You completely miss the jackal.
Your tail-slap misses the jackal.
The jackal is moderately wounded.
Your surroundings suddenly seem different.
Found 22 stones and a scroll labelled AMISHREMIZUI.
A kobold comes into view.
It is wielding a +0 short sword of electrocution.
You hit the kobold.
The kobold is heavily wounded.
The kobold hits you with a +0 short sword of electrocution.
You die...

#.?.....# #..# #.......
#.(.....###.S# #.......
#............# #.......
#......####.####.......
#......# #............
#......# #....#.......
#......# #....#.......
#......####....###.####
#....K@......... #.#
#......#########.#.#
#......# .#.# #......#
#.. ......... #..
#####.#.... #.#....
#.#....


You could see a kobold.

Vanquished Creatures
  A bat (D:1)
  3 endoplasms (D:1)
  2 giant cockroaches (D:1)
  A goblin (D:1)
  A hobgoblin (D:1)
  4 jackals (D:1)
  2 ball pythons (D:1)
  3 rats (D:1)
17 creatures vanquished.

Notes
Turn   | Place    | Note
-------+----------+-------------------------------------------
     0 | D:1      | ZARRMARR the Draconian Earth Elementalist began the quest
                  | for the Orb.
     0 | D:1      | Reached XP level 1. HP: 14/14 MP: 3/3
   386 | D:1      | Reached XP level 2. HP: 20/20 MP: 3/5
   756 | D:1      | Slain by a kobold

Illustrated notes

Levels and vault maps discovered:
D:1:      ncdulo_watergridlock, layout_basic

Skill      XL: |  1 |
---------------+----+-----
Dodging        | 2 |  2.1
Short Blades   | |  0.2
Stealth        | |  1.8
Unarmed Combat | |  0.2
Spellcasting   | |  2.0
Transmutations | |  1.0
Earth Magic    | |  3.5

Action                   || total
-------------------------++-------
Melee: Unarmed           ||    12
       Tailslap          ||     5
       Dagger            ||    31
Throw: Stone             ||    15
       Dart              ||     6
 Cast: Sandblast         ||    16
  Use: Scroll            ||     2
Armor: Skin              ||    16
Dodge: Dodged            ||    54
